[Event "Championnat d'Europe de Blitz"]
[Date "2024.12.09"]
[White "Lagarde, Maxime"]
[Black "Zawadzka, Jolanta"]
[WhiteElo "2600"]
[BlackElo "2331"]
[Round "4.30"]
[Result "1-0"]
[TimeControl "180+2"]

1. d4 d5 2.
Nf3 Nf6 3.
g3 Bf5 4. Nh4 Be4 5. f3 Bg6 6. c4 e6 7. Nc3 Be7 8. e4 dxe4 9. Nxg6 hxg6 10. fxe4 e5 11. d5 Nbd7 12. Qf3 Bc5 13. h4 Qe7 14. Bh3 O-O-O 15.
Bg5 Kb8 16.
O-O-O a6 17.
Rhf1 Nb6 18.
Qd3 Rd6 19.
Kb1 Qe8 20.
Rc1 Nfd7 21.
b3 f6 22.
Be3 Qe7 23.
Qd2 c6 24.
Qf2 Bxe3 25.
Qxe3 cxd5 26. exd5 Rc8 27. Ne4 f5 28. Nxd6 Qxd6 29. g4 f4 30. Qe2 Nc5 31. g5 Re8 32. Rxf4 Nd3 33. Qxd3 exf4 34. c5 Qxd5 35. Qxg6 Rf8 36. cxb6 f3 37. Qc2 Qd8 38. Qc7+ 1-0

[Site "Europe Echecs"]

[Event "Championnat d'Europe de Blitz"]
[Date "2024.12.09"]
[White "Radovanovic, Dusan"]
[Black "Pantsulaia, Levan"]
[WhiteElo "2274"]
[BlackElo "2522"]
[Round "4.31"]
[Result "0-1"]
[TimeControl "180+2"]

1. e4 c5 2. Nf3 e6 3. d4 cxd4 4. Nxd4 a6 5. Nc3 b5 6. Bd3 Bb7 7. Qe2 Nc6 8. Nxc6 Bxc6 9. O-O Bc5 10. Bf4 Ne7 11. a3 O-O 12. Rad1 Ng6 13. Be3 Qb6 14. Bxc5 Qxc5 15. Kh1 f5 16. exf5 Bxg2+ 0-1

[Site "Europe Echecs"]

[Event "Championnat d'Europe de Blitz"]
[Date "2024.12.09"]
[White "Dinev, Dejan"]
[Black "Dardha, Daniel"]
[WhiteElo "2209"]
[BlackElo "2639"]
[Round "4.32"]
[Result "0-1"]
[TimeControl "180+2"]

1. d4 Nf6 2.
Nf3 b6 3. g3 Bb7 4. Bg2 g6 5. O-O Bg7 6. c4 O-O 7. Nc3 Ne4 8. Qc2 Nxc3 9. bxc3 Nc6 10. Rb1 Na5 11. c5 d6 12. cxd6 cxd6 13. e4 Rc8 14. Re1 Qc7 15. Bg5 h6 16. Bd2 Nc4 17. Bc1 e6 18. Bf1 f5 19. Bxc4 Qxc4 20. Nh4 g5 21. Ng6 Rfe8 22. d5 Qxc3 23. Qxc3 Bxc3 0-1

[Site "Europe Echecs"]

[Event "Championnat d'Europe de Blitz"]
[Date "2024.12.09"]
[White "Djukic, Nikola"]
[Black "Djurovic, Peko"]
[WhiteElo "2493"]
[BlackElo "2253"]
[Round "4.33"]
[Result "1-0"]
[TimeControl "180+2"]

1. c4 e6 2. g3 Nf6 3. Bg2 d5 4. Nf3 h6 5. O-O Bd6 6. b3 O-O 7. Bb2 b6 8. d3 Bb7 9. Nbd2 Nbd7 10. Qc2 Qe7 11. a3 c5 12. Rfe1 d4 13. e4 dxe3 14. fxe3 Rfd8 15.
Rad1 Rac8 16. Nf1 a6 17. Bc3 Ba8 18. Qb2 a5 19. Nh4 Bxg2 20. Qxg2 Ne8 21. Nf3 Ndf6 22. e4 Bb8 23. e5 Nd7 24. Ne3 Nf8 25. Ng4 Ng6 26. h4 Rd7 27. Qe2 Rcd8 28. Rf1 Nc7 29. Qe4 Ne8 30. Nfh2 Bc7 31. Rf3 Nh8 32. Rdf1 Bb8 33. Bd2 Ng6 34. Bxh6 gxh6 35. Nxh6+ Kg7 36. Rxf7+ Kxh6 37. Rxe7 Rxe7 38. Ng4+ Kg7 39. h5 Nh8 40. Qf4 1-0

[Site "Europe Echecs"]

[Event "Championnat d'Europe de Blitz"]
[Date "2024.12.09"]
[White "Zhukovskyi, Oleksandr"]
[Black "Baidetskyi, Valentin"]
[WhiteElo "2199"]
[BlackElo "2519"]
[Round "4.34"]
[Result "0-1"]
[TimeControl "180+2"]

1. e4 d6 2. d4 Nf6 3. Nc3 e5 4. dxe5 dxe5 5. Qxd8+ Kxd8 6. Bc4 Ke8 7. f3 Bc5 8. Bg5 Nbd7 9. a3 c6 10. Ke2 b5 11. Bb3 a5 12. a4 b4 13. Nd1 Ba6+ 14. Ke1 Bb6 15. Ne3 h6 16. Bxf6 Bxe3 17. Bh4 Nc5 18. Bf2 Bxf2+ 19. Kxf2 Rd8 20. Ke3 Nxb3 21. cxb3 Rd3+ 22. Kf2 Rxb3 23. Rc1 Rxb2+ 24. Kg3 Kd7 25. Rc5 Rb1 0-1

[Site "Europe Echecs"]

[Event "Championnat d'Europe de Blitz"]
[Date "2024.12.09"]
[White "Janik, Igor"]
[Black "Radeva, Viktoria"]
[WhiteElo "2515"]
[BlackElo "2275"]
[Round "4.35"]
[Result "1-0"]
[TimeControl "180+2"]

1. e4 c5 2.
Nf3 a6 3. c3 d5 4. exd5 Qxd5 5. d4 Nf6 6. dxc5 Qxd1+ 7. Kxd1 Nc6 8. Be3 e5 9. Nbd2 Bg4 10. Kc2 Nd5 11. b4 f5 12. Bc4 Nxe3+ 13. fxe3 Be7 14. e4 fxe4 15. Nxe4 O-O-O 16. Nfd2 Bf5 17. Rhf1 g6 18. Rae1 Bg5 19. Rxf5 gxf5 20. Nxg5 e4 21. Nf7 1-0

[Site "Europe Echecs"]

[Event "Championnat d'Europe de Blitz"]
[Date "2024.12.09"]
[White "Krasteva, Beloslava"]
[Black "Laurusas, Tomas"]
[WhiteElo "2281"]
[BlackElo "2578"]
[Round "4.36"]
[Result "0-1"]
[TimeControl "180+2"]

1. d4 d5 2. c4 c6 3. cxd5 cxd5 4. Bf4 Nf6 5. Nc3 Nc6 6. e3 e6 7. Bd3 Be7 8. h3 Bd6 9. Bxd6 Qxd6 10. f4 O-O 11. Nf3 Bd7 12. O-O Rfc8 13. Ne5 Na5 14. g4 Nc4 15. Qe2 Nb6 16. g5 Ne4 17. Nxe4 dxe4 18. Bxe4 Nd5 19.
Bxh7+ Kxh7 20. Qh5+ Kg8 21. Qxf7+ Kh8 22. Qxd7 Qxd7 23.
Nxd7 Nxe3 24. Rf2 Nf5 25. Rd1 Rd8 26. Nc5 Nxd4 27. Kf1 b6 28. Ne4 Nf5 29. Rxd8+ Rxd8 30. Ke1 Rd3 31. Rd2 Re3+ 32. Re2 Rxh3 33. Nc3 Nd4 34. Re4 e5 35.
fxe5 Nf3+ 36. Kf2 Nxg5 37. Rd4 Rh2+ 38. Kg3 Rxb2 39. Kg4 Rg2+ 40. Kf5 Nf7 41. e6 Rf2+ 42. Kg6 Ne5+ 43. Kh5 Nf7 0-1

[Site "Europe Echecs"]

[Event "Championnat d'Europe de Blitz"]
[Date "2024.12.09"]
[White "Kuzubov, Yuriy"]
[Black "Biljanic, Ljubomir"]
[WhiteElo "2595"]
[BlackElo "2130"]
[Round "4.37"]
[Result "1/2-1/2"]
[TimeControl "180+2"]

1. d4 Nf6 2.
Nf3 e6 3. c4 d5 4. Nc3 Be7 5. cxd5 exd5 6. Bf4 c6 7. e3 O-O 8. Qc2 Nh5 9. Bd3 h6 10. O-O Nxf4 11. exf4 Nd7 12. Rfe1 Re8 13. Re3 Bd6 14. Ne5 Bxe5 15. fxe5 c5 16. Nxd5 cxd4 17. Re2 Rxe5 18. Rae1 Rxe2 19. Rxe2 Nf6 20. Nxf6+ gxf6 21. Qd2 Qf8 22. Qf4 Be6 23. Qxf6 Rc8 24. h3 Qg7 25. Qf4 Qg5 26. Qxd4 Rd8 27. Qe3 Qxe3 28. Rxe3 Bxa2 29. Be4 b6 30. Ra3 Rd1+ 31. Kh2 Bd5 32. Bxd5 Rxd5 33.
Rxa7 Rd2 34. b4 Rb2 35. Ra4 Kg7 36. f3 b5 37. Ra6 Rxb4 38. g3 Rb1 39. g4 b4 40. Rb6 b3 41. Kg3 b2 42. h4 Kf8 43. Kf4 Ke7 44. h5 [Site "Europe Echecs"]

[Event "Championnat d'Europe de Blitz"]
[Date "2024.12.09"]
[White "Paichadze, Luka"]
[Black "Aymerich Verdaguer, Eduard"]
[WhiteElo "2532"]
[BlackElo "2163"]
[Round "4.38"]
[Result "1-0"]
[TimeControl "180+2"]

1. e4 c5 2.
Nf3 e6 3. c3 Nf6 4. Bd3 Nc6 5. Bc2 e5 6. d4 d6 7. h3 h6 8. O-O Be7 9. Ba4 Bd7 10. Re1 Qc7 11. Nbd2 O-O 12. Nf1 a6 13. d5 Nb8 14. Bxd7 Nbxd7 15. Ng3 Rfe8 16. Nf5 Bf8 17. a4 Kh7 18. a5 g6 19. Ng3 Bg7 20. Be3 b5 21. axb6 Nxb6 22. Nd2 Reb8 23. Ra2 a5 24. Qe2 Ra7 25. Rea1 Rba8 26. Nc4 Nxc4 27. Qxc4 Qb6 28. Nf1 Nd7 29. Nd2 Bf6 30. Qa4 Bd8 31. Nc4 Qc7 32. b4 Nb6 33. Nxb6 Qxb6 34. bxc5 dxc5 35. Rc2 Be7 36. Rcc1 Rb7 37.
Kh2 Bd6 38. Rcb1 Qxb1 39. Rxb1 Rxb1 40. Qd7 Ra6 41. Qxf7+ Kh8 42. Bxh6 1-0

[Site "Europe Echecs"]

[Event "Championnat d'Europe de Blitz"]
[Date "2024.12.09"]
[White "Kalezic, Blazo"]
[Black "Papadimitriou, Athanasios"]
[WhiteElo "2382"]
[BlackElo "2267"]
[Round "4.39"]
[Result "1-0"]
[TimeControl "180+2"]

1. e4 d5 2.
exd5 Nf6 3.
Nf3 Nxd5 4.
d4 g6 5. h3 Bg7 6. Be2 O-O 7. O-O Nc6 8. a3 Nb6 9. Be3 e5 10. dxe5 Nxe5 11.
Nxe5 Bxe5 12. Nc3 Be6 13. Qe1 Qh4 14. f4 Qxe1 15. Raxe1 Bg7 16. Nb5 Nc4 17. Bd4 Bxd4+ 18. Nxd4 Bd5 19. b3 Nd2 20. Rf2 Rfe8 21. Rd1 Ne4 22. Rf3 Rad8 23. b4 b6 24. Bf1 c5 25. Nb5 Bb7 26. Rfd3 Rxd3 27. Rxd3 Ba6 28. Rd7 Bxb5 29. Bxb5 Nc3 30.
Bc4 Rf8 31.
Rxa7 b5 32.
Bf1 c4 33. Kf2 Rd8 34. Ke3 Nd1+ 35. Kf3 Nc3 36. Re7 Kf8 37. Re5 Ra8 38. Re3 Rxa3 39. g4 [Site "Europe Echecs"]

[Event "Championnat d'Europe de Blitz"]
[Date "2024.12.09"]
[White "Avramidou, Anastasia"]
[Black "Guliyev, Namig"]
[WhiteElo "2298"]
[BlackElo "2484"]
[Round "4.40"]
[Result "0-1"]
[TimeControl "180+2"]

1. d4 d5 2.
c4 dxc4 3. Nf3 Nf6 4. e3 e6 5. Bxc4 a6 6. O-O Nbd7 7. Re1 c5 8. Bf1 cxd4 9. exd4 Be7 10. Nc3 Nb6 11. Bg5 O-O 12. a3 h6 13. Bh4 Nbd5 14. Qc2 b5 15. Ne5 Bb7 16. Nxd5 Nxd5 17. Bxe7 Nxe7 18. Rad1 Rc8 19. Qd2 Qd6 20. Qf4 Nd5 21. Qg3 Rc2 22. Rb1 Nf6 23. Red1 Ne4 24. Qe3 Nxf2 25. Rd2 Rxd2 26. Qxd2 Ne4 27. Qe3 Rd8 28. Rd1 Nf6 29. h3 Rc8 30. Rd2 Rc7 31. a4 bxa4 32. Qa3 Qxa3 33.
bxa3 Rc3 34. Rb2 Rb3 35. Rc2 Nd5 36. Nd7 Rxa3 37. Nc5 Bc8 38. Nxa4 Rxa4 39. Rxc8+ Kh7 40. Bd3+ g6 41. Ra8 Rxd4 42. Be2 Rd2 43. Bf3 Nb4 44. Ra7 Kg7 45. Bg4 h5 46. Bxe6 h4 47. Bxf7 Kh6 48. Bc4 Rc2 49. Bg8 Kg5 50. Bf7 Rc6 51. Be8 Rc1+ 52. Kh2 Re1 53. Bd7 Re2 54. Rb7 Nd3 55. Bg4 Re5 56. Kg1 a5 57. Ra7 Nf4 58. Bf3 Rc5 59. Kf2 Kf5 60. Rf7+ Ke5 61.
Ra7 g5 62. Rg7 Kd4 63. Bg4 Kc3 64. Ra7 Kb4 65. Bd7 Rd5 66. Be8 Re5 67. Rb7+ Ka3 68. Bb5 a4 69. Bf1 Ra5 70. g3 hxg3+ 71. Kxg3 Ne6 72. Bc4 Nc5 73. Rb8 Ne4 74. Kg4 Nf2+ 75. Kg3 Nd1 76. Bf7 Nc3 77. Kg4 Ne4 78. Bc4 Nf2+ 79. Kg3 Nd1 80. Bf7 Rf5 81. Bh5 Ne3 82. Be8 Re5 83. Ra8 Re4 84. Bc6 Rc4 85.
Be8 Nf1 86.
Kf2 Nd2 87.
Ke3 Nb3 88.
Kf3 Nc5 89.
Bb5 Rb4 90.
Be8 Kb3 91.
Bf7+ Kb2 92. Ra5 Nb3 93. Rxg5 a3 94. Rg2+ Kb1 95. Rg1+ Kc2 96. Rg2+ Kc3 97. Rh2 Rb7 98. Bxb3 Kxb3 99. h4 Rb4 100. Kg3 a2 101. Rh1 Kb2 102. h5 a1=Q 103. Rxa1 Kxa1 104. h6 Rb6 0-1

[Site "Europe Echecs"]

[Event "Championnat d'Europe de Blitz"]
[Date "2024.12.09"]
[White "Zajic, Milan"]
[Black "Yuste Valenzuela, Alejandro"]
[WhiteElo "2392"]
[BlackElo "2150"]
[Round "4.41"]
[Result "1-0"]
[TimeControl "180+2"]

1. e4 e5 2. Nf3 Nc6 3. Bb5 d6 4. d4 Bd7 5. Nc3 g6 6. Bxc6 Bxc6 7. dxe5 dxe5 8. Qxd8+ Rxd8 9. Nxe5 Bg7 10. Nxc6 bxc6 11. Bd2 Nf6 12. f3 O-O 13. O-O-O Nd7 14. Bg5 f6 15. Bf4 Ne5 16. Rxd8 Rxd8 17. Rd1 Rd6 18. Bxe5 fxe5 19. Rd3 Kf7 20. Kd1 h5 21. Ke2 Bh6 22. b3 Bf4 23. g3 Bh6 24. Nd1 h4 25. Ne3 hxg3 26. hxg3 Ke6 27. Nc4 Rxd3 28. Kxd3 Bg5 29. Nb2 Bc1 30. Nd1 Bg5 31. Nf2 Bh6 32. Kc4 Kd6 33. Nd3 Be3 34. f4 exf4 35. gxf4 g5 36. fxg5 Bxg5 37. e5+ Kd7 38. Nc5+ Ke7 39. Kd4 Bh4 40. Ke4 Bf2 41. Nd3 Bg1 42. Kf5 Be3 43. Nf4 Bc5 44. Ng6+ Kf7 45. e6+ Ke8 46. Ne5 Bd6 47. Nxc6 Bc5 48. Ke4 Bb6 49.
Kd5 Bg1 50.
Kc4 Bf2 51. Kb5 1-0

[Site "Europe Echecs"]

[Event "Championnat d'Europe de Blitz"]
[Date "2024.12.09"]
[White "Costachi, Mihnea"]
[Black "Sirigos, Nikolaos"]
[WhiteElo "2464"]
[BlackElo "2044"]
[Round "4.42"]
[Result "1-0"]
[TimeControl "180+2"]

1. d4 Nf6 2. c4 d6 3. Nc3 Nbd7 4. e4 e5 5. Nf3 g6 6. h3 Bg7 7. Be3 O-O 8. d5 Nc5 9. Qc2 a5 10. g4 c6 11. Nd2 cxd5 12. cxd5 Bd7 13. Nc4 Be8 14. a4 Rc8 15. Be2 Qc7 16. O-O Nfd7 17. Nb5 Qd8 18.
Ncxd6 b6 19.
Nxc8 Qxc8 20. Bf3 f5 21. exf5 gxf5 22. Nd6 Qc7 23. Nxf5 Bg6 24. Ne7+ Kh8 25. Nxg6+ hxg6 26. Bg2 Qd6 27. Rad1 e4 28. Bd4 Bxd4 29. Rxd4 Ne5 30. Rxe4 Nxe4 31. Qxe4 g5 32. Re1 Re8 33. Kh1 Kg7 34. Qf5 Qf6 35. Qxf6+ Kxf6 36. Re3 Rd8 37. Rc3 Rd6 38. Kh2 Ng6 39. Rc6 Ke5 40. Rc8 Rf6 41. Kg3 Nf4 42. Bf3 Nxh3 43. Re8+ Kd6 44. Rd8+ Kc5 45. Rc8+ Kd4 46. Rc6 Rf8 47. d6 Ng1 48. Rc3 Ke5 49. Re3+ Kxd6 50. Bg2 Rc8 51. Re1 Rc2 52. Rxg1 Rxb2 53. Rd1+ Ke5 54. Rd5+ Ke6 55. Rxg5 Rb3+ 56. Kh4 Rb4 57. Bc6 Rc4 58. Bd5+ 1-0

[Site "Europe Echecs"]

[Event "Championnat d'Europe de Blitz"]
[Date "2024.12.09"]
[White "Ochedzan, Tymon"]
[Black "Dragnev, Valentin"]
[WhiteElo "2247"]
[BlackElo "2563"]
[Round "4.43"]
[Result "0-1"]
[TimeControl "180+2"]

1. e4 c6 2. d4 d5 3. f3 e6 4. Nc3 Bb4 5. Bd2 Ne7 6. h4 b6 7. h5 h6 8.
a3 Bxc3 9.
Bxc3 Ba6 10.
Bxa6 Nxa6 11. Qe2 Nc7 12. a4 Qd7 13. Nh3 c5 14. Rd1 c4 15. b3 cxb3 16. cxb3 Rc8 17. O-O O-O 18. Bb4 Rfd8 19. Nf4 Nc6 20. Bc3 Qe7 21. e5 Qg5 22. Qe3 Ne7 23. Bd2 Qf5 24. Rc1 Ne8 25. g4 Qh7 26. Bb4 Nc6 27. Ba3 Na5 28. Bb4 Nc6 29. Ba3 Na5 30. Rxc8 Rxc8 31. Rc1 Rc2 32. Ng6 Rxc1+ 33. Qxc1 fxg6 34. Qc8 Kh8 35. Qxe8+ Qg8 36. Qxg6 Nxb3 37. g5 Nxd4 38. Kf2 Qc8 39. gxh6 Qc2+ 40. Qxc2 Nxc2 41. hxg7+ Kxg7 42. Kg3 Nxa3 0-1

[Site "Europe Echecs"]

[Event "Championnat d'Europe de Blitz"]
[Date "2024.12.09"]
[White "Boyer, Mahel"]
[Black "Mueller, Magnus"]
[WhiteElo "2526"]
[BlackElo "2166"]
[Round "4.44"]
[Result "1-0"]
[TimeControl "180+2"]

1. Nf3 Nf6 2. c4 e6 3. b3 d5 4. Bb2 c5 5. cxd5 exd5 6. g3 Nc6 7. Bg2 Bd6 8. O-O O-O 9. d4 Ne4 10. Nc3 Be6 11. Rc1 Qe7 12. dxc5 Bxc5 13. Nxd5 Bxd5 14. Qxd5 Rfd8 15. Qf5 Bb6 16. e3 Nxf2 17. Rxf2 Bxe3 18.
Rcf1 Qd7 19. Qh5 Bxf2+ 20. Rxf2 Qd1+ 21. Rf1 Qe2 22. Qg5 Qxb2 23. Nh4 Qd4+ 24. Kh1 Qe5 25. Nf5 Rd6 26. Bxc6 bxc6 27. Ne7+ Qxe7 1-0

[Site "Europe Echecs"]

[Event "Championnat d'Europe de Blitz"]
[Date "2024.12.09"]
[White "Baskin, Robert"]
[Black "Mihov, Filip"]
[WhiteElo "2442"]
[BlackElo "2245"]
[Round "4.45"]
[Result "1-0"]
[TimeControl "180+2"]

1. c4 e6 2. Nf3 d5 3. g3 Nf6 4. Bg2 Be7 5. O-O O-O 6. b3 c5 7. cxd5 Nxd5 8. Bb2 Nc6 9. Nc3 Bf6 10. Rc1 Nxc3 11. Bxc3 Nd4 12. Nxd4 cxd4 13. Bb4 Re8 14. Qc2 Be7 15. Bxe7 Rxe7 16. f4 Rb8 17. Qc5 b6 18. Qe5 Bb7 19. Bxb7 Rexb7 20. Rc4 Rd7 21. Rfc1 Qe7 22. Qxb8+ 1-0

[Site "Europe Echecs"]

[Event "Championnat d'Europe de Blitz"]
[Date "2024.12.09"]
[White "Uruci, Besim"]
[Black "Cvitan, Ognjen"]
[WhiteElo "2095"]
[BlackElo "2413"]
[Round "4.46"]
[Result "0-1"]
[TimeControl "180+2"]

1. d4 Nf6 2. Nf3 d5 3. Bf4 c5 4. e3 Nc6 5. c3 Qb6 6. Qb3 c4 7. Qc2 Bf5 8. Qc1 h6 9. h3 e6 10. Nbd2 Be7 11. Be2 O-O 12. O-O Rfc8 13. Ne5 Qd8 14. Bd1 Nxe5 15. Bxe5 b5 16. Bc2 a5 17. Bxf6 Bxf6 18. Bxf5 exf5 19. Qc2 Qd7 20. f3 Bg5 21. Rae1 Re8 22. f4 Bh4 23. Re2 Be7 24. Nf3 g6 25. Ne5 Qe6 26.
b3 Kh7 27.
bxc4 bxc4 28. Rb1 f6 29. Nf3 Reb8 30. Kf2 Qe4 31. Rxb8 Rxb8 32. Qa4 g5 33. Qxa5 g4 34. Qc7 Rg8 35. hxg4 fxg4 36. Nh4 f5 37. Nxf5 g3+ 38. Kf1 Qb1+ 39. Re1 Qxf5 40. Qxe7+ Rg7 41. Qe5 Qd3+ 42. Kg1 Rb7 43. Qxd5 Qxe3+ 0-1

[Site "Europe Echecs"]

[Event "Championnat d'Europe de Blitz"]
[Date "2024.12.09"]
[White "Vuckovic, Zarko"]
[Black "Kues, Hendrik"]
[WhiteElo "2334"]
[BlackElo "2149"]
[Round "4.47"]
[Result "1/2-1/2"]
[TimeControl "180+2"]

1. e4 c5 2. Nf3 g6 3. c3 Bg7 4. d4 cxd4 5. cxd4 d5 6. e5 Nc6 7. h3 Bf5 8. Nc3 h5 9. Bb5 Rc8 10. O-O a6 11. Ba4 Nh6 12. Bg5 O-O 13. Qd2 Kh7 14. Bb3 Be4 15. Ne1 Na5 16. Nxe4 dxe4 17. Qb4 Nxb3 18. axb3 Nf5 19. Rd1 Qd5 20. g4 hxg4 21. hxg4 Nh6 22. Bxh6 Bxh6 23. Qxe7 Rce8 24. Qh4 g5 25. Qg3 Bg7 26. Ng2 f6 27. Ne3 Qxb3 28. e6 Qxe6 29. Nf5 Kg8 30. Rc1 Rf7 31. Nd6 Rd7 32. Nxe8 Qxe8 33. Rc7 Rxd4 34. Qb3+ Kh8 35. Qxb7 e3 36. Rc8 exf2+ 37. Rxf2 Rd8 38. Rh2+ Kg8 39. Qb3+ Kf8 40. Qb4+ Kg8 41. Qc4+ Kf8 42. Qc5+ Kg8 43. Qc4+ Kf8 44.
Rxd8 Qxd8 45. Re2 f5 46. Qc5+ Kg8 47. Qxf5 Qd1+ 48. Qf1 Qd4+ 49. Kh1 Qxg4 50. Rh2 Qe4+ 51. Rg2 Qh4+ 52. Rh2 Qe4+ 53. Qg2 Qe1+ 54. Qg1 Qe4+ 55. Rg2 Qh4+ 56. Qh2 Qe1+ 57. Rg1 Qe4+ 58. Qg2 1/2-1/2

[Site "Europe Echecs"]

[Event "Championnat d'Europe de Blitz"]
[Date "2024.12.09"]
[White "Ilic, Ljubomir"]
[Black "Nikolovski, Nikola"]
[WhiteElo "2076"]
[BlackElo "2407"]
[Round "4.49"]
[Result "0-1"]
[TimeControl "180+2"]

1. c4 f5 2. Nc3 Nf6 3. Nf3 e6 4. d3 Bb4 5. Bd2 O-O 6. e3 d6 7. Be2 b6 8. O-O Bb7 9. a3 Bxc3 10. Bxc3 Qe7 11. Rc1 Nbd7 12. b4 e5 13. d4 e4 14. Nd2 c5 15. d5 Rae8 16. a4 Ne5 17. Bxe5 Qxe5 18. bxc5 bxc5 19. Rb1 Bc8 20. Nb3 f4 21. exf4 Qxf4 22. Qd2 Qh4 23. Na5 0-1

[Site "Europe Echecs"]

[Event "Championnat d'Europe de Blitz"]
[Date "2024.12.09"]
[White "Kralevski, Aleksander"]
[Black "Horvath, Dominik"]
[WhiteElo "2028"]
[BlackElo "2542"]
[Round "4.50"]
[Result "0-1"]
[TimeControl "180+2"]

1. e4 d5 2. exd5 Qxd5 3. Nc3 Qa5 4. d4 Nf6 5. Nf3 Bf5 6. Ne5 c6 7. Bc4 e6 8. O-O Nbd7 9. Re1 Be7 10. Bg5 h6 11. Bh4 Rd8 12. Qe2 O-O 13. Nxd7 Rxd7 14. Rad1 Rfd8 15. Qe5 Qb4 16. Bb3 Rxd4 17. Rxd4 Qxd4 18. Bxf6 Bxf6 19. Qa5 Qb6 20. Qa3 Rd2 21. Nd1 Bxc2 22. Bxc2 Rxc2 23. Qd6 Qd8 24. Qa3 Qd2 25. Rf1 Bd4 26. Qg3 Rc1 27. Qf3 Bxb2 28. h4 Bf6 29. g3 Qxa2 0-1

[Site "Europe Echecs"]

[Event "Championnat d'Europe de Blitz"]
[Date "2024.12.09"]
[White "Kiratzopoulos, Efthimios"]
[Black "Hamitevici, Vladimir"]
[WhiteElo "2193"]
[BlackElo "2423"]
[Round "4.51"]
[Result "0-1"]
[TimeControl "180+2"]

1. d4 Nf6 2. Nf3 c5 3. c3 d5 4. Bg5 Ne4 5. Bf4 Nc6 6. e3 Bg4 7. Be2 e6 8. Nbd2 Nxd2 9. Qxd2 Bd6 10. Bxd6 Qxd6 11. h3 Bh5 12. a3 O-O 13. b4 cxd4 14. cxd4 Rfc8 15. O-O Bxf3 16. Bxf3 Nb8 17. Rfc1 Nd7 18. Rxc8+ Rxc8 19. Rc1 Rc6 20. e4 dxe4 21. Bxe4 Rc7 22. Bf3 Nf6 23.
Rc3 h6 24. Qc1 Rd7 25. Rc8+ Kh7 26. Rc4 a6 27. a4 g6 28. a5 Kg7 29. Qe3 Nd5 30. Bxd5 Qxd5 31. Qe5+ Qxe5 32. dxe5 Rd1+ 33. Kh2 Rd5 34. f4 g5 35. Kg3 Kg6 36. Kf3 gxf4 37. Kxf4 Rd2 38. g4 Rb2 39. h4 h5 40. g5 Rg2 41. Kf3 Rb2 42. Kf4 Rb3 43. Rd4 Rh3 44. Rd7 Rxh4+ 45. Ke3 Rxb4 46. Rc7 h4 47. Kf3 h3 48. Kg3 Rb3+ 49.
Kh2 Rb5 50. Rd7 Rxe5 51. Rxb7 Rxg5 52. Rb6 Rxa5 53. Kxh3 Ra1 54. Kg4 a5 55. Ra6 a4 0-1

[Site "Europe Echecs"]

[Event "Championnat d'Europe de Blitz"]
[Date "2024.12.09"]
[White "Nakonechnyi, Oleksii"]
[Black "Nevednichy, Vladislav"]
[WhiteElo "2052"]
[BlackElo "2451"]
[Round "4.52"]
[Result "1/2-1/2"]
[TimeControl "180+2"]

1. Nf3 Nf6 2. g3 g6 3. Bg2 Bg7 4. O-O O-O 5. c4 d6 6. Nc3 c6 7. b3 e5 8. Bb2 Na6 9. d4 e4 10. Nd2 d5 11. cxd5 cxd5 12. Rc1 h5 13. e3 Nb4 14. Ba3 Qa5 15. Ndb1 Rd8 16. Bxb4 Qxb4 17. Qd2 Qe7 18. Na4 h4 19. Qa5 hxg3 20. fxg3 Ng4 21. Nb6 Rb8 22. Nxd5 Rxd5 23. Qxd5 Nxe3 24. Qxe4 Qxe4 25. Bxe4 Nxf1 26. Kxf1 Bxd4 27. Rd1 Bb6 28. Na3 Bg4 29. Rd3 Bc5 30. Nc4 Bh3+ 31. Bg2 Bf5 32. Rd5 b6 33. Ke2 Re8+ 34. Kd2 Re7 35. Re5 Rd7+ 36. Rd5 Rc7 37. Rd8+ Kg7 38. Bd5 Be7 39. Re8 Rd7 40. Ke2 Bf6 41. Be4 Be6 42. Ne3 Bg5 43. h4 Bh6 44. Bd3 a5 45. Bc4 Bh3 46. Re4 Rb7 47. a4 Rd7 48. Nd5 Bf5 49. Re7 Rxe7+ 50. Nxe7 Bc1 51. Nd5 Ba3 52. Nxb6 Bd6 53.
Kf3 Bc2 54. Nd5 f5 55. Ne3 Be4+ 56. Kf2 Bc5 57. Ke2 Kf6 58. Nd5+ Ke5 59.
Nc3 Bc6 60.
Bb5 Bb7 61. Nd1 Kd4 62. Bc4 Be4 63. Nf2 Bg2 64. Bf7 Kc3 65. Bxg6 Kxb3 66. Bxf5 Kxa4 67. Nd3 Bd4 68. g4 Bd5 69. g5 Kb3 70. Nf4 Bc4+ 71. Bd3 Bg8 72.
h5 a4 73. Bb1 Kb2 74. Be4 a3 75. Nd3+ Kc3 76. Nc1 Bc4+ 77. Kd1 Be3 78. Ne2+ Bxe2+ 79. Kxe2 a2 80. Kxe3 a1=Q 81.
Kf4 Kd4 82.
h6 Qf1 83. Kg4 Qd1 84. Bf3 Qg1 85. Kf5 Qb1+ 86. Kf6 Qf1 87. Kg7 Qxf3 88. h7 Qb7+ 89. Kg8 Qc8+ 90. Kg7 Qd7+ 91. Kg8 Qd8+ 92. Kg7 Qxg5+ 93. Kf8 Qh6+ 94. Kg8 Qg6+ 95. Kh8 Qe8+ 96. Kg7 Qe7+ 97. Kg8 Qe6+ 98. Kg7 Qg4+ 99. Kf8 Qf5+ 100. Kg8 Qe6+ 101. Kg7 Ke5 102. h8=Q Qf6+ 103. Kg8 Qxh8+ 104. Kxh8 1/2-1/2

[Site "Europe Echecs"]

[Event "Championnat d'Europe de Blitz"]
[Date "2024.12.09"]
[White "Gatineau, Yovann"]
[Black "Sutbas, Batuhan"]
[WhiteElo "2363"]
[BlackElo "1885"]
[Round "4.53"]
[Result "1-0"]
[TimeControl "180+2"]

1. d4 d5 2. Bf4 Nf6 3. e3 c5 4. Nc3 a6 5. dxc5 Nc6 6. Nf3 Bg4 7. Be2 Bxf3 8. Bxf3 e5 9. Bg5 e4 10. Bxf6 gxf6 11. Bh5 Ne7 12. Qd4 Bg7 13. O-O-O O-O 14. Nxd5 Nxd5 15. Qxd5 Qa5 16. c6 Qxd5 17. Rxd5 bxc6 18. Rd7 f5 19. Rhd1 Rab8 20. c3 a5 21. Rc7 Be5 22. Rxc6 a4 23. a3 Rb7 24. Rd5 Bxh2 25. g3 Rfb8 26. Rd2 Kg7 27. Bd1 Ra7 28. Rc4 Rba8 29. Rd5 Kg6 30. Rcc5 Bg1 31. Rxf5 Rd7 32. Bc2 Rc8 33. Rg5+ Kh6 34. Rh5+ Kg6 35. Bxe4+ 1-0

[Site "Europe Echecs"]

[Event "Championnat d'Europe de Blitz"]
[Date "2024.12.09"]
[White "Triadu Cassa, Jordi"]
[Black "Kilic, Eray"]
[WhiteElo "2108"]
[BlackElo "2459"]
[Round "4.54"]
[Result "0-1"]
[TimeControl "180+2"]

1. e4 Nf6 2.
e5 Nd5 3. c4 Nb6 4. c5 Nd5 5. Bc4 e6 6. d4 d6 7. cxd6 cxd6 8. Nf3 Nc6 9. O-O Be7 10. Qe2 O-O 11. Rd1 Nb6 12. Bb3 Bd7 13. Nc3 Rc8 14. Bf4 d5 15. Rac1 a6 16. Bc2 Nc4 17. Bb1 Qb6 18. Bg5 Qxb2 19. Rc2 Qb4 20. Bxe7 Qxe7 21. Rcc1 Na3 22. Bd3 Nb4 23. h4 Nxd3 24. Rxd3 Bb5 25. Ng5 h6 26. Qg4 Bxd3 27. Re1 Rxc3 28. Re3 Bf5 0-1

[Site "Europe Echecs"]

[Event "Championnat d'Europe de Blitz"]
[Date "2024.12.09"]
[White "Quparadze, Giga"]
[Black "Korobov, Anton"]
[WhiteElo "2537"]
[BlackElo "2629"]
[Round "5.1"]
[Result "1/2-1/2"]
[TimeControl "180+2"]

1. e4 c5 2. Nf3 d6 3. d4 cxd4 4. Nxd4 Nf6 5. Nc3 a6 6. g3 e6 7. Bg2 Be7 8. O-O Qc7 9. a4 Nc6 10. h3 O-O 11. g4 Nxd4 12. Qxd4 e5 13. Qd3 Be6 14. Nd5 Nxd5 15. exd5 Bd7 16. f4 Rac8 17. Be4 h6 18. f5 Qc4 19. b3 Qxd3 20. Bxd3 Bf6 21. Ra2 Rc3 22. Bd2 Rfc8 23. Bxc3 Rxc3 24. Kg2 Kf8 25. Rf3 Rc5 26. c4 a5 27. Be4 Bg5 28. Rc3 Ke7 29. Kf2 Kd8 30. Ke2 Kc7 31. Rb2 Bd8 32. Rb1 Kb6 33. Rh1 Bh4 34. Rf3 Rc7 35. Kd3 Kc5 36. Kc3 Rc8 37. Rhf1 Bf6 38. Rh1 Bh4 39. Rb1 Ra8 40. Rbf1 Bf6 41. Rh1 Bh4 1/2-1/2

[Site "Europe Echecs"]

[Event "Championnat d'Europe de Blitz"]
[Date "2024.12.09"]
[White "Ragger, Markus"]
[Black "Jobava, Baadur"]
[WhiteElo "2577"]
[BlackElo "2578"]
[Round "5.2"]
[Result "0-1"]
[TimeControl "180+2"]

1. d4 d5 2. c4 dxc4 3. Nf3 Nf6 4. e3 Bg4 5. Bxc4 e6 6. Nc3 Nc6 7. h3 Bh5 8. Bb5 Be7 9. e4 O-O 10. Be3 Bg6 11. Bd3 Bb4 12. Qc2 Ba5 13. a3 Bb6 14. Ne2 Qe7 15. O-O Rfd8 16.
Rfd1 h6 17.
b4 a6 18.
Rab1 Bh5 19.
g4 Bg6 20. Kg2 Rd7 21. Nf4 Bxd4 22. Bxd4 Nxd4 23.
Nxd4 Rxd4 24. Nxg6 fxg6 25. e5 Nd5 26. Bf1 Rf4 27. Kg1 Raf8 28. Rd2 Qg5 29. Bg2 Qxe5 30. Re2 Qf6 31. Rbe1 Qf7 32. Rxe6 Rxf2 33. R6e2 Rxe2 34. Qxe2 Nf4 35. Qf3 Nxg2 36. Qxf7+ Kxf7 37. Kxg2 Re8 38. Rf1+ Ke6 39. Re1+ Kd7 40. Rd1+ Kc6 41. Rc1+ Kb6 42. Rc3 g5 43. Rd3 Re7 44. Kg3 Kb5 45. h4 gxh4+ 46. Kxh4 b6 47.
Kh5 Re5 48.
Kh4 c5 49. bxc5 bxc5 50. Rb3+ Ka4 51. Rb6 a5 52. Kg3 Kxa3 53. Kf4 Rg5 54. Ke4 0-1

[Site "Europe Echecs"]